 Dungeon Crawl Stone Soup version 0.29-a0-321-gf1c400731a (webtiles) character file.

Game seed: 15300906582390810638

683 sokol815 the Chopper (level 7, -11/52 HPs)
             Began as a Demonspawn Monk on Apr 5, 2022.
             Was a Follower of Uskayaw.
             Killed by divine providence
             ... invoked by an orc priest
              (13 damage)
             ... on level 5 of the Dungeon.
             The game lasted 00:13:49 (7380 turns).

sokol815 the Chopper (Demonspawn Monk)              Turns: 7380, Time: 00:13:50

Health: -11/52     AC: 15    Str: 12    XL:     7   Next: 35%
Magic:  7/7        EV: 11    Int: 13    God:    Uskayaw [*.....]
Gold:   269        SH:  4    Dex: 21    Spells: 6/6 levels left

rFire   . . .      SeeInvis .   a - +1 hand axe
rCold   . . .      Faith    .   p - +0 buckler
rNeg    + . .      Spirit   .   u - +0 ring mail {rN+}
rPois   .          Reflect  .   (no helmet)
rElec   .          Harm     .   (no cloak)
rCorr   .          Rampage  .   l - +0 pair of gloves
Will    .....                   r - +2 pair of boots
Stlth   ++........              (no amulet)
HPRegen 0.17/turn               Z - ring of wizardry {Wiz+, !d}
MPRegen 0.20/turn               j - +6 ring of dexterity

@: sanguine armoured
A: demonic guardian 1, magic regeneration, sanguine armour 1
a: Renounce Religion, Stomp


You were on level 5 of the Dungeon.
You worshipped Uskayaw.
Uskayaw was noncommittal.
You visited 1 branch of the dungeon, and saw 5 of its levels.

You collected 269 gold pieces.

Inventory:

Hand Weapons
 a - a +1 hand axe (weapon)
 t - a +0 dagger of speed
   (You took it off an orc priest on level 4 of the Dungeon)
Missiles
 e - 4 poisoned darts
 h - 4 datura-tipped darts
 m - 7 boomerangs
 s - 71 stones
Armour
 b - a +0 robe
 f - a +0 ring mail
   (You found it on level 1 of the Dungeon)
 l - a +0 pair of gloves (worn)
   (You found it on level 3 of the Dungeon)
 o - a +0 plate armour
   (You found it on level 4 of the Dungeon)
 p - a +0 buckler (worn)
   (You found it on level 4 of the Dungeon)
 r - a +2 pair of boots (worn)
   (You found it on level 4 of the Dungeon)
 u - a +0 ring mail of positive energy (worn)
   (You took it off an orc on level 4 of the Dungeon)
Magical Staves
 c - a staff of earth
   (You found it on level 3 of the Dungeon)
 i - a staff of poison {rPois}
   (You found it on level 2 of the Dungeon)
 k - a staff of cold {rC+}
   (You found it on level 3 of the Dungeon)
Jewellery
 j - a +6 ring of dexterity (right hand)
   (You found it on level 3 of the Dungeon)
 N - a ring of positive energy {rN+}
   (You found it on level 5 of the Dungeon)
 Z - a ring of wizardry (left hand) {Wiz+, !d}
   (You found it on level 2 of the Dungeon)
Wands
 q - a wand of flame (15)
   (You found it on level 4 of the Dungeon)
Scrolls
 d - a scroll of amnesia
 v - 2 scrolls of enchant weapon
 V - 2 scrolls of vulnerability {!r!r}
 Y - 3 scrolls of teleportation {@r3}
Potions
 g - a potion of invisibility {unknown}
 n - a potion of flight {unknown}
 w - 4 potions of attraction {!q}
 x - a potion of haste {unknown}
 y - 2 potions of heal wounds {@q2}
 B - a potion of brilliance
 G - a potion of ambrosia {!q}
 J - 3 potions of curing {@q1}
 M - a potion of magic


   Skills:
 - Level 3.0 Fighting
 + Level 7.9 Axes
 - Level 2.6 Dodging
 - Level 1.7 Stealth


You had 6 spell levels left.
You didn't know any spells.
Your spell library contained the following spells:

 Spells                   Type           Power      Damage    Failure   Level
 Apportation              Tloc           0%         N/A       36%         1
 Slow                     Hex            0%         N/A       36%         1
 Confusing Touch          Hex            0%         N/A       71%         3
 Conjure Flame            Conj/Fire      0%         6-21      71%         3
 Ignite Poison            Fire/Tmut/Pois 0%         N/A       71%         3
 Vampiric Draining        Necr           0%         2d6       71%         3
 Sticky Flame             Conj/Fire      0%         2d3       98%         4
 Chain Lightning          Conj/Air       0%         N/A       100%        9
 Fire Storm               Conj/Fire      0%         5d1       100%        9
 Shatter                  Erth           0%         3d5*      100%        9


Dungeon Overview and Level Annotations

Branches:
Dungeon (5/15)
 Temple: D:4-7

Altars:
Gozag
Kikubaaqudgha
Okawaru
Sif Muna
Uskayaw
Vehumet
The Shining One

Annotations:
D:3 2 transporters, sammy202020's ghost, amateur OgMo


Innate Abilities, Weirdness & Mutations

A weak demonic guardian rushes to your aid.
You regenerate magic rapidly.
When seriously injured, your blood forms armour. (AC +6)


Message History

B - a potion of brilliance An ogre comes into view.
It is wielding a +0 giant club.
The ogre shouts!
You throw a poisoned dart. The poisoned dart hits the ogre.
The ogre is poisoned.
You throw a poisoned dart. The poisoned dart hits the ogre.
You throw a poisoned dart.
The poisoned dart completely misses the ogre.
You hit the ogre. The ogre misses you.
You hit the ogre. You closely miss the ogre. The ogre closely misses you.
You hit the ogre but do no damage.
The ogre looks more healthy.
The ogre hits you with a +0 giant club!!
Ouch! That really hurt!
A demonic guardian appears!
Your blood congeals into armour.
You take 27 damage, and have 25/52 hp.
MASSIVE DAMAGE!!
You hit the ogre but do no damage. You barely miss the ogre.
The ogre hits you but does no damage.
You slash the ogre! The ogre hits you with a +0 giant club!
You take 10 damage, and have 16/52 hp.
You slash the ogre!
You kill the ogre!
You can now pass through a line of other dancers.
You start resting.
Your shadow imp disappears in a puff of smoke!
Your blood armour dries and flakes away.
You regained 19 hp, and now have 35/52 hp.
You start resting.
Health restored: 52 You see here a +0 giant club.
e - 3 poisoned darts (gained 1)
Found a stone staircase leading up.
e - 4 poisoned darts (gained 1)
N - a ring of positive energy {rN+};
y - 2 potions of heal wounds {@q2}
Okay, then.
You now have 269 gold pieces (gained 10).
You open the door.
An orc priest and 3 orcs come into view.
The orc shouts!
The orc priest shouts!
The orc shouts! x2
You close the door.
You start waiting.
A quokka comes into view.
Clearing quiver.
The orc hits you with a +0 mace.
There is an open door, spattered with blood here.
You take 4 damage, and have 48/52 hp.
You barely miss the orc.
The orc priest invokes the aid of Beogh against you.
Beogh smites you! You block the orc's attack.
You take 12 damage, and have 36/52 hp.
MASSIVE DAMAGE!!
You barely miss the orc. You slash the orc!
You kill the orc!
The quokka twitches its whiskers.
You hit the orc.
You kill the orc!
You barely miss the quokka. The quokka barely misses you.
You hit the quokka.
The quokka bites you but does no damage.
You block the quokka's attack.
You miss the quokka.
The quokka twitches its whiskers.
You block the quokka's attack.
You barely miss the quokka.
The orc priest mumbles some strange prayers to Beogh against you.
Beogh smites you!
Your blood congeals into armour.
The quokka barely misses you.
You take 17 damage, and have 20/52 hp.
MASSIVE DAMAGE!!
You barely miss the quokka.
The quokka bites you but does no damage.
You hit the quokka.
You kill the quokka!
The orc priest mumbles some strange prayers to Beogh against you.
Pain shoots through your body!
You take 3 damage, and have 17/52 hp.
You closely miss the orc. The orc hits you but does no damage.
You slash the orc!
You kill the orc!
The orc priest calls down the wrath of Beogh upon you.
Beogh smites you!
* * * LOW HITPOINT WARNING * * *
A demonic guardian appears!
You take 16 damage, and have 1/52 hp.
MASSIVE DAMAGE!!
What are your orders? t - Shout!
Orders for allies: a - Attack new target. r - Retreat! s - Stop attacking. g - Guard the area. f - Follow me.
Anything else - Cancel.
Gang up on whom?
Aim: an orc priest, wielding a +0 club and wearing a +0 leather armour Attack!
Your iron imp hits the orc priest.
The orc priest barely misses your iron imp.
The orc priest calls down the wrath of Beogh upon you.
Beogh smites you!
You die...

≈♣♣♣♣ 8≈≈...♣####
......)'..#
8≈≈...♣##o#######
≈♣♣♣♣ ##5.......
######...#######
#.......@.......
#...............
#.........######
#.........#
###.........#
.##...........#
..............#
##.............#
#.###)####.....$


You could see an orc priest (ally target) and a friendly iron imp (summoned).

Vanquished Creatures
  An ogre (D:5)
  A scorpion (D:5)
  A hound (D:4)
  A jelly (D:4)
  An orc priest (D:4)
  2 iguanas
  Natasha (thrice) (D:2)
  5 orc wizards
  8 adders
  A worm (D:3)
  A dart slug (D:3)
  21 orcs
  8 bats
  7 endoplasms
  5 giant cockroaches
  10 goblins
  A hobgoblin (D:2)
  2 jackals (D:4)
  7 quokkas
  14 ball pythons
  4 frilled lizards
  7 kobolds
  4 rats
115 creatures vanquished.

Vanquished Creatures (others)
  An orc wizard (D:3)
  A hobgoblin (D:2)
2 creatures vanquished.

Grand Total: 117 creatures vanquished

Notes
Turn   | Place    | Note
-------+----------+-------------------------------------------
     0 | D:1      | sokol815 the Demonspawn Monk began the quest for the Orb.
     0 | D:1      | Reached XP level 1. HP: 18/18 MP: 1/1
   412 | D:1      | Reached skill level 3 in Axes
   451 | D:1      | Found a faded altar of an unknown god.
   457 | D:1      | Gained mutation: You regenerate magic rapidly. [demonic
                  | ancestry]
   457 | D:1      | Reached XP level 2. HP: 22/24 MP: 2/2
   461 | D:1      | Prayed at the altar of an unknown god.
   461 | D:1      | Became a worshipper of Uskayaw the Reveller
   461 | D:1      | Reached * piety under Uskayaw
   461 | D:1      | Reached ** piety under Uskayaw
  1412 | D:2      | Noticed Natasha
  1649 | D:2      | Reached *** piety under Uskayaw
  1650 | D:2      | HP: 4/24 [Natasha (3)]
  1651 | D:2      | Reached XP level 3. HP: 5/29 MP: 3/3
  1659 | D:2      | HP: 7/29 [Natasha (2)]
  1660 | D:2      | Killed Natasha
  1661 | D:2      | Reached skill level 4 in Axes
  1697 | D:2      | Noticed Natasha
  1699 | D:2      | HP: 4/29 [white imp/puff of frost[Natasha] (6)]
  1980 | D:2      | HP: 7/29 [Natasha/magic dart (7)]
  1982 | D:2      | Killed Natasha
  1983 | D:2      | Gained mutation: When seriously injured, your blood forms
                  | armour. (AC +6) [demonic ancestry]
  1983 | D:2      | Reached XP level 4. HP: 5/35 MP: 4/4
  2000 | D:2      | Noticed Natasha
  2258 | D:2      | HP: 8/35 [Natasha/magic dart (2)]
  2259 | D:2      | Killed Natasha
  2404 | D:2      | Reached skill level 5 in Axes
  3369 | D:3      | Reached XP level 5. HP: 41/41 MP: 5/5
  3444 | D:3      | Found a transporter.
  3448 | D:3      | Noticed sammy202020's ghost (amateur OgMo)
  4360 | D:3      | Found a radiant altar of Vehumet.
  4362 | D:3      | Found a shimmering blue altar of Sif Muna.
  4363 | D:3      | Found an ancient bone altar of Kikubaaqudgha.
  4370 | D:3      | Got Sif Muna's Grimoire of Orientation
  4435 | D:3      | Found a transporter.
  4862 | D:3      | Found an opulent altar of Gozag.
  5007 | D:4      | Reached skill level 6 in Axes
  5276 | D:4      | Reached XP level 6. HP: 43/47 MP: 6/6
  5555 | D:4      | Found an iron altar of Okawaru.
  6337 | D:4      | Reached skill level 7 in Axes
  6637 | D:5      | Entered Level 5 of the Dungeon
  6856 | D:5      | Gained mutation: A weak demonic guardian rushes to your
                  | aid. [demonic ancestry]
  6856 | D:5      | Reached XP level 7. HP: 46/52 MP: 7/7
  7374 | D:5      | HP: 1/52 [orc priest/divine providence (16)]
  7380 | D:5      | Killed from afar by an orc priest

Illustrated notes

Levels and vault maps discovered:
D:1:      wander_arrival_abandoned_jail, layout_loops_ring, serial_aquarium,
          aquarium_bridge_straight [aquarium_subvault_bridge,
          aquarium_subvault_wall, aquarium_subvault_bridge,
          aquarium_subvault_wall], aquarium_bridge_square
          [aquarium_subvault_window, aquarium_subvault_bridge,
          aquarium_subvault_bridge, aquarium_subvault_wall],
          aquarium_window_fake, aquarium_window_fake, aquarium_view_2e,
          shapermc_ecumenical_altar_acropolis, nicolae_figureground_sparkle
D:2:      layout_loops_cross, lemuel_old_faithful, uniq_natasha
D:3:      minmay_chambers_of_twos, layout_basic,
          grunt_temple_overflow_magic_moments, mainiacjoe_overflow_divided_tiny,
          gammafunk_ghost_stat_death, grunt_ministairs_9, minivault_5,
          chequers_jeans
D:4:      layout_loops_corners, mainiacjoe_overflow_surrounded_room
D:5:      layout_rooms, mainiacjoe_overflow_small_starburst, serial_shops,
          nicolae_shop_bloodbath_and_beyond, kennysheep_minor_cross

Skill      XL: |  1  2  3  4  5  6 |
---------------+-------------------+-----
Axes           | 3 4 5 6 7 |  7.9
Fighting       | |  3.0
Dodging        | |  2.6
Stealth        | |  1.7

Action                   |  1- 3 |  4- 6 |  7- 9 || total
-------------------------+-------+-------+-------++-------
Melee: Hand axe          |    90 |   339 |    42 ||   471
       Punch             |     2 |     4 |       ||     6
Throw: Stone             |     7 |   128 |       ||   135
       Dart              |       |       |     3 ||     3
Invok: Stomp             |     1 |       |     2 ||     3
       Line Pass         |       |     1 |       ||     1
  Use: Scroll            |     5 |     9 |       ||    14
       Potion            |     2 |       |       ||     2
 Stab: Paralysed         |     2 |     1 |       ||     3
Armor: Ring mail         |    34 |    83 |    13 ||   130
       Plate armour      |       |    40 |       ||    40
Dodge: Dodged            |    61 |   123 |    14 ||   198
Block: Buckler           |       |    26 |     5 ||    31

Table legend: (Time is in decaauts)
 A = Elapsed time spent in this place.
 B = Non-inter-level travel time spent in this place.
 C = Inter-level travel time spent in this place.
 D = Time resting spent in this place.
 E = Time spent auto-exploring this place.
 F = Levels seen in this place.
 G = Mean time per level.
                   A        B        C        D        E       F      G
               +--------+--------+--------+--------+--------+-----+--------+
         Total |   7426 |   7236 |    190 |   2115 |   4027 |   5 | 1485.2 |
       Dungeon |   7426 |   7236 |    190 |   2115 |   4027 |   5 | 1485.2 |
               +--------+--------+--------+--------+--------+-----+--------+

Top non-repeatable levels by time:
     D:1: 1990 daAuts
     D:4: 1899 daAuts
     D:3: 1812 daAuts
     D:2: 1228 daAuts
     D:5: 494 daAuts

Table legend:
 A = Kills in this place as a percentage of kills in entire the game.
 B = Kills by you in this place as a percentage of kills by you in the entire game.
 C = Kills by friends in this place as a percentage of kills by friends in the entire game.
 D = Other kills in this place as a percentage of other kills in the entire game.
 E = Experience gained in this place as a percentage of experience gained in the entire game.
 F = Experience gained in this place divided by the number of levels of this place that you have seen.
                   A       B       C       D       E      F
               +-------+-------+-------+-------+-------+----------------------
         Total | 100.0 | 100.0 |   N/A | 100.0 | 100.0 | 195.4
       Dungeon | 100.0 | 100.0 |   N/A | 100.0 | 100.0 | 195.4
               +-------+-------+-------+-------+-------+----------------------
